 Dungeon Crawl Stone Soup version 0.13-a0-1585-g6f4f798 (webtiles) character file.

159 Kae the Cudgeler (level 3, 0/33 HPs)
             Began as a Minotaur Berserker on June 12, 2013.
             Was a Believer of Trog.
             Slain by Kae's ghost (11 damage)
             ... on Level 3 of the Dungeon.
             The game lasted 00:01:32 (1262 turns).

Kae the Cudgeler (Minotaur Berserker)               Turns: 1262, Time: 00:01:32

HP   0/33        AC  2     Str 21      XL: 3   Next: 80%
MP   1/1         EV 12     Int  4      God: Trog [**....]
Gold 99          SH  0     Dex 10      Spells:  0 memorised,  2 levels left

Res.Fire  : . . .   See Invis. : .   a - +0 mace
Res.Cold  : . . .   Warding    : .   b - +0 animal skin
Life Prot.: . . .   Conserve   : .   (no shield)
Res.Poison: .       Res.Corr.  : .   (helmet restricted)
Res.Elec. : .       Clarity    : .   (no cloak)
Sust.Abil.: . .     Spirit.Shd : .   (no gloves)
Res.Mut.  : .       Stasis     : .   (no boots)
Res.Rott. : .       Flight     : .   (no amulet)
Saprovore : . . .                    (no ring)
                                     (no ring)

@: mildly poisoned, not resistant to hostile enchantments, unstealthy
A: retaliatory headbutt, horns 2
a: Burn Spellbooks, Berserk, Trog's Hand, Renounce Religion


You were on level 3 of the Dungeon.
You worshipped Trog.
Trog was most pleased with you.
You were hungry.

You visited 1 branch of the dungeon, and saw 3 of its levels.

You collected 79 gold pieces.

Inventory:

Hand weapons
 a - a +0,+0 mace (weapon)
Armour
 b - a +0 animal skin (worn)
Comestibles
 c - 2 bread rations
Scrolls
 e - a scroll of magic mapping {unknown}
 f - a scroll of curse weapon {unknown}
 i - a scroll of remove curse {unknown}
 l - a scroll of noise {unknown}
 o - 2 scrolls of identify {unknown}
 p - a scroll of curse armour {unknown}
 q - a scroll of enchant weapon II {unknown}
 s - 3 scrolls of teleportation {unknown}
Jewellery
 n - a +3 ring of dexterity {unknown}
Potions
 d - a potion of agility {unknown}
 g - a potion of confusion {unknown}
 h - a potion of might {unknown}
 j - a potion of slowing {unknown}
 k - a potion of poison {unknown}
 m - a potion of resistance {unknown}
 r - a potion of curing {unknown}


   Skills:
 + Level 4.2 Fighting
 * Level 4.6 Maces & Flails
 + Level 2.8 Armour
 + Level 2.9 Dodging


You had 2 spell levels left.
You didn't know any spells.

Dungeon Overview and Level Annotations

Branches:
Dungeon (3/27)

Altars:

Annotations
D:3 Kae's ghost, average MiBe


Innate Abilities, Weirdness & Mutations

You reflexively headbutt those who attack you in melee.
You have a pair of horns on your head.


Message History

You are poisoned.
The adder poisons you!
You hit Kae's ghost but do no damage. The adder barely misses you.
You furiously retaliate!
You headbutt the adder. Kae's ghost closely misses you.
You furiously retaliate!
You headbutt Kae's ghost, but do no damage.
The adder barely misses you.
You closely miss the adder.
The adder is severely wounded.
The adder bites you but does no damage.
Kae's ghost lets out a mournful wail.
Kae's ghost hits you!
You miss the adder.
The adder is severely wounded.
You feel sick. The adder completely misses you. Kae's ghost barely misses you.
The adder bites you but does no damage.
You miss the adder. Your headbutt misses the adder.
The adder is severely wounded.
Kae's ghost misses you. The adder bites you. Kae's ghost hits you!
You die...

... . #.# .... ##.##
.#?.. #.... ...<.
#.... ..... #..? ...
.# #.###.##..#.
#########...S........
#...........@p.?.....
#.........###.##..##.
#.<.......# .#
#######.#.# .. #.#.#
... #.#.# .... #.#.#
..... #)#.# ....
#.#.# .


You could see Kae's ghost and an adder.

Vanquished Creatures
  3 adders (D:2)
  An ooze (D:2)
  2 orcs (D:3)
  A ball python (D:1)
  4 giant cockroaches (D:1)
  3 hobgoblins (D:1)
  2 kobolds
  3 bats
  2 giant newts (D:2)
  2 goblins
  6 rats
29 creatures vanquished.

Notes
Turn   | Place    | Note
--------------------------------------------------------------
     0 | D:1      | Kae, the Minotaur Berserker, began the quest for the Orb.
     0 | D:1      | Reached XP level 1. HP: 19/19 MP: 0/0
   120 | D:1      | Reached skill level 4 in Maces & Flails
   170 | D:1      | Reached XP level 2. HP: 17/26 MP: 0/0
   620 | D:1      | Acquired Trog's second power
   723 | D:2      | Reached XP level 3. HP: 31/33 MP: 1/1
  1257 | D:3      | Noticed Kae's ghost (average MiBe)
  1262 | D:3      | Slain by Kae's ghost

Action                   || total
-------------------------++-------
Melee: Mace              ||    76
Invok: Trog's Hand       ||     1
